 Dungeon Crawl Stone Soup version 0.27.0-1-g7a089689b8 (webtiles) character file.

Game seed: 12911472847458517911

527463 sasquatch the Executioner (level 26, 0/196 HPs)
             Began as a Formicid Fighter on Aug 7, 2021.
             Was the Champion of the Shining One.
             Killed from afar by a titan (16 damage)
             ... with a bolt of lightning
             ... on level 5 of the Vaults.
             The game lasted 02:23:07 (59934 turns).

sasquatch the Executioner (Formicid Fighter)       Turns: 59934, Time: 02:23:08

Health: 0/196      AC: 43    Str: 30    XL:     26   Next: 82%
Magic:  34/34      EV: 12    Int: 13    God:    the Shining One [******]
Gold:   4406       SH: 34    Dex: 13    Spells: 25/25 levels left

rFire    + + .     SeeInvis +   Q - +9 executioner's axe (holy)
rCold    + . .     Faith    .   e - +0 tower shield
rNeg     + + +     Spirit   .   W - +7 crystal plate armour
rPois    +         Reflect  .   (helmet unavailable)
rElec    +         Harm     .   d - +0 cloak {rPois}
rCorr    .         Rampage  .   F - +2 pair of gloves {archery}
Will     ++...                  L - +2 pair of boots
Stlth    ..........             j - amulet of regeneration
HPRegen  1.42/turn              w - ring of Ulet {rF+ rC+ Dex+3}
MPRegen  0.24/turn              u - ring "Zumemp" {rElec rF+ Int+2 Dex+2}

@: mighty, divinely shielded, glowing, studying Maces & Flails
A: permanent stasis, dig shafts and tunnels, antennae 3, four strong arms,
clumsy 1, frail 1, evolution 1
}: 3/15 runes: decaying, serpentine, abyssal
a: Dig, Shaft Self, Renounce Religion, Divine Shield, Cleansing Flame, Summon
Divine Warrior


You were on level 5 of the Vaults.
You worshipped the Shining One.
The Shining One was exalted by your worship.
You visited 7 branches of the dungeon, and saw 39 of its levels.
You visited the Abyss 3 times.
You also visited: Sewer, Ossuary and Wizlab.

You collected 5435 gold pieces.
You spent 1029 gold pieces at shops.

Inventory:

Hand Weapons
 a - the +8 morningstar of Tumult {vorpal, Int+2 Stlth+}
   (You acquired it on level 5 of the Lair of Beasts)

   It inflicts extra damage upon your enemies.
   Int:       It affects your intelligence (+2).
   Stlth:     It makes you more stealthy.
 Q - a +9 executioner's axe of holy wrath (weapon)
Missiles
 r - 25 javelins (quivered)
 I - 2 throwing nets
Armour
 d - a +0 cloak of poison resistance (worn)
 e - a +0 tower shield (worn)
 F - a +2 pair of gloves of archery (worn)
 L - a +2 pair of boots (worn)
 W - a +7 crystal plate armour (worn)
Jewellery
 j - an amulet of regeneration (around neck)
 u - the ring "Zumemp" (right hand) {rElec rF+ Int+2 Dex+2}
   (You found it in a wizard's laboratory)

   [ring of protection from fire]

   Int:       It affects your intelligence (+2).
   Dex:       It affects your dexterity (+2).
   rF:        It protects you from fire.
   rElec:     It insulates you from electricity.
 w - the ring of Ulet (left hand) {rF+ rC+ Dex+3}
   (You found it on level 3 of the Elven Halls)

   [ring of protection from fire]

   Dex:       It affects your dexterity (+3).
   rF:        It protects you from fire.
   rC:        It protects you from cold.
 z - a ring of willpower
 S - the ring of Niod {Fly rCorr MP+9}
   (You found it on level 6 of the Lair of Beasts)

   [ring of magical power]

   MP:        It affects your magic capacity (+9).
   Fly:       It grants you flight.
   rCorr:     It protects you from acid and corrosion.
Wands
 c - a wand of charming (9)
 h - a wand of acid (50)
 y - a wand of digging (18)
 E - a wand of mindburst (35)
 J - a wand of paralysis (17)
 O - a wand of flame (129)
 V - a wand of polymorph (19)
 Y - a wand of iceblast (53)
Scrolls
 f - 9 scrolls of fog
 k - 8 scrolls of magic mapping
 s - 5 scrolls of summoning
 t - 8 scrolls of fear
 D - 12 scrolls of amnesia
 K - 3 scrolls of enchant weapon
 M - 4 scrolls of silence
 N - 22 scrolls of identify
 P - 3 scrolls of holy word
Potions
 g - 15 potions of curing
 i - 2 potions of brilliance
 l - 5 potions of resistance
 n - 8 potions of attraction
 p - 9 potions of flight
 q - 8 potions of mutation
 v - 4 potions of lignification
 B - 10 potions of might
 C - 6 potions of ambrosia
 Z - a potion of cancellation
Miscellaneous
 o - a lightning rod (4/4)
 U - a phial of floods
 X - a phantom mirror


   Skills:
 - Level 20.0 Fighting
 + Level 21.2(23.3) Axes
 - Level 18.0(21.7) Maces & Flails
 - Level 20.0 Armour
 - Level 15.0 Dodging
 - Level 15.0 Shields
 - Level 15.0 Invocations


You had 25 spell levels left.
You didn't know any spells.
Your spell library contained the following spells:

 Spells                   Type           Power      Damage    Failure   Level
 Foxfire                  Conj/Fire      0%         2x1d4     97%         1
 Magic Dart               Conj           0%         1d3       97%         1
 Shock                    Conj/Air       0%         1d3       97%         1
 Sting                    Tmut/Pois      0%         1d3       97%         1
 Summon Small Mammal      Summ           0%         N/A       97%         1
 Call Imp                 Summ           0%         N/A       99%         2
 Corpse Rot               Necr/Air       N/A        N/A       99%         2
 Poisonous Vapours        Pois/Air       0%         N/A       99%         2
 Searing Ray              Conj           0%         3d3       99%         2
 Slow                     Hex            0%         N/A       99%         2
 Static Discharge         Conj/Air       0%         N/A       99%         2
 Call Canine Familiar     Summ           0%         N/A       100%        3
 Confusing Touch          Hex            0%         N/A       100%        3
 Dazzling Flash           Conj/Hex       0%         N/A       100%        3
 Gell's Gravitas          Tloc           0%         N/A       100%        3
 Lesser Beckoning         Tloc           0%         N/A       100%        3
 Mephitic Cloud           Conj/Pois/Air  0%         N/A       100%        3
 Ozocubu's Armour         Ice            0%         N/A       100%        3
 Stone Arrow              Conj/Erth      0%         3d7       100%        3
 Summon Guardian Golem    Hex/Summ       0%         N/A       100%        3
 Teleport Other           Tloc           0%         N/A       100%        3
 Vampiric Draining        Necr           0%         2d6       100%        3
 Airstrike                Air            0%         N/A       100%        4
 Animate Armour           Summ/Erth      0%         N/A       100%        4
 Fulminant Prism          Conj/Hex       0%         3d6       100%        4
 Leda's Liquefaction      Hex/Erth       0%         N/A       100%        4
 Olgreb's Toxic Radiance  Pois           0%         N/A       100%        4
 Passage of Golubria      Tloc           N/A        N/A       100%        4
 Petrify                  Tmut/Erth      0%         N/A       100%        4
 Summon Lightning Spire   Summ/Air       0%         N/A       100%        4
 Agony                    Necr           0%         N/A       100%        5
 Blade Hands              Tmut           0%         N/A       100%        5
 Bolt of Magma            Conj/Fire/Erth 0%         4d4       100%        5
 Fireball                 Conj/Fire      0%         3d3       100%        5
 Freezing Cloud           Conj/Ice/Air   0%         6-21      100%        5
 Lightning Bolt           Conj/Air       0%         1d11      100%        5
 Silence                  Hex/Air        0%         N/A       100%        5
 Summon Forest            Summ/Tloc      0%         N/A       100%        5
 Summon Mana Viper        Hex/Summ       0%         N/A       100%        5
 Yara's Violent Unravell  Hex/Tmut       0%         3d3       100%        5
 Dispersal                Tloc           0%         N/A       100%        6
 Iron Shot                Conj/Erth      0%         9d1       100%        6
 Shadow Creatures         Summ           N/A        N/A       100%        6
 Starburst                Conj/Fire      0%         8x6d3     100%        6
 Statue Form              Tmut/Erth      0%         N/A       100%        6
 Orb of Destruction       Conj           0%         N/A       100%        7
 Ozocubu's Refrigeration  Ice            0%         4d5       100%        7
 Spellforged Servitor     Conj/Summ      0%         N/A       100%        7
 Lehudib's Crystal Spear  Conj/Erth      0%         10d2      100%        8
 Summon Horrible Things   Summ           0%         N/A       100%        8
 Chain Lightning          Conj/Air       0%         N/A       100%        9
 Swiftness                Air            Unusable   N/A       N/A         3

Dungeon Overview and Level Annotations

Branches:
Dungeon (15/15)            Temple (0/1) D:4            Lair (6/6) D:10
  Swamp (4/4) Lair:2        Snake (4/4) Lair:3        Slime (0/5) Lair:6
    Orc (2/2) D:10            Elf (3/3) Orc:2        Vaults (5/5) D:13
  Crypt (0/3) Vaults:2     Depths (0/5) D:15          Sewer (visited)
Ossuary (visited)          WizLab (visited)

Altars:
Ashenzari
Cheibriados
Elyvilon
Fedhas
Kikubaaqudgha
Nemelex Xobeh
Okawaru
Sif Muna
Trog
Vehumet
Yredelemnul
The Shining One
Beogh
Jiyva

Shops:
D:4 :   Orc:2 (*=[   Elf:1 ?   Elf:3 :**(:   Snake:1 (   Snake:2 [   Vaults:4 ?
Vaults:5 *

Annotations:
Vaults:2 2 transporters, exclusion: obsidian statue


Innate Abilities, Weirdness & Mutations

You cannot be hasted, slowed, berserked, paralysed or teleported.
You can dig through walls and to a lower floor.
You have a pair of large antennae on your head. (SInv)
Your four strong arms can wield two-handed weapons with a shield.
You are clumsy. (Dex -2)
You are frail. (-10% HP)
You evolve.


Message History

You block the deep elf high priest's attack.
The ironbound convoker gestures at the vault sentinel while chanting.
The vault sentinel seems to grow stronger.
You feel better.
A brown very ugly thing comes into view.
You block the fire giant's attack.
The titan mumbles some strange words.
The titan is healed somewhat.
You block the deep elf high priest's attack.
The ironbound convoker gestures at the fire giant while chanting.
The fire giant seems to grow stronger.
You slice the deep elf high priest!!
You kill the deep elf high priest!
The Shining One accepts your kill.
You slash the fire giant! You slice the titan!!
The titan mumbles some strange words.
The titan is healed somewhat.
The yaktaur wields a +0 arbalest.
The yaktaur shoots a bolt.
You block the bolt.
You slice the fire giant!!
The fire giant is heavily wounded.
You carve the ettin like a ham!!! You slash the stone giant!
You slice the titan!!
The ettin hits you with a +2 vorpal dire flail.
* * * LOW HITPOINT WARNING * * *
x2 You block the ettin's attack.
The fire giant hits you with a +1 great sword of flaming!
* * * LOW HITPOINT WARNING * * *
The fire giant burns you.
* * * LOW HITPOINT WARNING * * *
The titan hits you but does no damage.
The vault sentinel blows a loud note on a signal horn!
You feel better.
The vault sentinel seems less brilliant.
You block the stone giant's attack.
The deep elf annihilator gestures wildly while chanting.
The deep elf annihilator blinks!
The ettin barely misses you. The ettin hits you but does no damage.
You block the fire giant's attack.
The titan gestures at you while chanting.
The bolt of lightning hits you! You resist.
You die...

#.. ..# ..# .. #{p##..## #
..## ##.. #.. ..##{.##!# .#
#.. ..# ..##.) #.{##)# .# ##
#.. #..##..##{.##..# { .. ..
#.. #{{##..# . .?##}!##....#
...######################p...#
........§.ep)cCC).)..........#
..........)†CpC@C.)u.........#
##############################


You could see a titan (empowered), a brown very ugly thing, 2 fire giants, a
stone giant, a deep elf annihilator (empowered), an ettin, a vault sentinel
(strong, catching breath), an ironbound convoker (empowered) and a yaktaur.

Vanquished Creatures
  3 ancient liches
  Boris (Vaults:3)
  Frederick (Vaults:3)
  Bai Suzhen (Swamp:3)
  Jory (Vaults:3)
  A profane servitor (Abyss:3)
  Nikola (Swamp:2)
  2 bone dragons (Abyss:3)
  A Hellbinder (WizLab)
  Rupert (D:12)
  A Hell Sentinel (Abyss:3)
  3 tentacled monstrosities (Vaults:5)
  3 liches
  A deep elf master archer (Elf:3)
  2 acid blobs (Lair:6)
  4 titans (Vaults:5)
  A quicksilver dragon (shapeshifter) (Vaults:5)
  2 deep elf blademasters
  A quicksilver dragon (Vaults:5)
  An ancient champion (Vaults:2)
  A tentacled starspawn (Abyss:3)
  4 storm dragons
  An Executioner (Abyss:3)
  Roxanne (Elf:2)
  4 shadow dragons
  Donald (Swamp:3)
  2 fenstrider witches
  5 tengu reavers
  6 nagarajas (Snake:4)
  3 fire giants
  17 vault wardens
  2 orc warlords
  3 iron dragons (Vaults:5)
  5 deep elf sorcerers
  A balrug (WizLab)
  3 cacodemons
  Aizul (Snake:1)
  The ghost of Ychix the Thaumaturge, a journeyman GnSk of Makhleb (Swamp:2)
  4 deep elf elementalists
  21 ironbound preservers
  A blood saint (WizLab)
  9 stone giants
  12 very ugly things
  3 war gargoyles
  4 deep elf demonologists
  A vampire knight (Vaults:2)
  A lorocyproca (WizLab)
  7 deep elf annihilators
  3 entropy weavers
  4 dire elephants
  5 bunyips
  3 green deaths
  3 ettins
  A crystal guardian (Vaults:4)
  4 deep elf death magi (Elf:3)
  3 eleionomae
  13 ironbound thunderhulks
  9 deep elf high priests
  27 yaktaur captains
  Harold (D:7)
  18 naga warriors
  3 great orbs of eyes
  35 vault guards
  4 boulder beetles
  4 ogre magi
  19 hydras
  11 anacondas
  4 ghost crabs
  Erica (Orc:1)
  A catoblepas (Lair:6)
  A hell beast (Swamp:4)
  2 peacekeepers
  5 ironbound frosthearts
  19 centaur warriors
  26 dancing weapons
  16 two-headed ogres
  11 death yaks
  9 alligators
  2 tengu warriors (D:15)
  A deep troll shaman (Lair:6)
  13 thrashing horrors
  6 shock serpents
  4 ironbound beastmasters
  Urug (Orc:2)
  12 deep elf knights
  20 naga sharpshooters
  A hell knight (D:15)
  A vampire mage (Vaults:2)
  3 orc high priests (Orc:2)
  A soul eater (Abyss:3)
  3 skeletal warriors
  7 wretched stars (Abyss:3)
  3 sun demons
  A shadow wraith (Vaults:5)
  4 goliath frogs
  3 sixfirhies
  2 flayed ghosts
  3 salamander mystics
  8 swamp dragons
  9 naga ritualists
  42 deep trolls
  10 wizards
  2 spriggan druids (Swamp:4)
  4 deep elf archers
  3 lindwurms
  5 bog bodies
  2 spectral hydras (Swamp:2)
  5 phantasmal warriors
  2 glowing orange brains
  20 ironbound convokers
  A fenstrider witch simulacrum (Swamp:2)
  Pikel (D:8)
  20 deep elf pyromancers
  A harpy (Vaults:4)
  7 cyclopes
  7 orc knights
  14 deep elf zephyrmancers
  10 mana vipers
  2 oklob plants
  A tengu skeleton (Vaults:2)
  4 orc sorcerers
  45 ugly things
  A necromancer (Vaults:2)
  A salamander (shapeshifter) (D:15)
  A spectral spriggan (Swamp:2)
  4 manticores
  5 will-o-the-wisps
  A worldbinder (Abyss:3)
  9 guardian serpents
  17 salamanders
  12 elephants
  A human skeleton (Vaults:2)
  2 stone giant skeletons
  2 apocalypse crabs (Abyss:3)
  53 black mambas
  5 smoke demons
  18 vault sentinels
  6 orange demons
  2 unseen horrors
  22 naga magi
  2 hellions (WizLab)
  9 cane toads
  A tormentor (WizLab)
  3 efreet
  11 komodo dragons
  54 yaktaurs
  A freezing wraith (Vaults:5)
  A rime drake (Lair:6)
  A tengu conjurer (D:15)
  An ice devil (Abyss:3)
  2 red devils (WizLab)
  4 hellwings (WizLab)
  A queen bee (Abyss:3)
  4 ancient zymes (Abyss:3)
  A merfolk (D:9)
  5 meliai
  A jumping spider (shapeshifter) (D:14)
  13 trolls
  3 polar bears
  25 raiju (Abyss:3)
  8 tyrant leeches
  9 hornets
  20 blink frogs
  Grinder (D:4)
  40 slime creatures
  13 dream sheep
  A tarantella (shapeshifter) (D:12)
  2 shadows
  A redback (Vaults:2)
  A spriggan (shapeshifter) (Elf:2)
  18 spriggans
  7 ynoxinuls
  4 flying skulls (Abyss:3)
  An air elemental (Elf:1)
  4 water elementals
  45 yaks
  3 wraiths
  9 humans (D:13)
  A fire bat (Vaults:1)
  23 large abominations
  5 basilisks
  2 wyverns
  2 golden eyes (Abyss:3)
  6 fire elementals
  16 vampire mosquitoes
  2 chaos spawn (Abyss:3)
  An elf skeleton (Vaults:2)
  7 neqoxecs
  2 wargs (Orc:2)
  13 swamp worms
  6 hell hounds
  An acid dragon (D:14)
  49 nagas
  13 water moccasins
  4 swamp drakes
  An ice beast (D:7)
  A sky beast (D:7)
  34 orc warriors
  12 black bears
  26 ogres
  A spriggan simulacrum (Swamp:2)
  3 boggarts (D:15)
  24 centaurs
  27 wolves
  A manticore skeleton (Abyss:3)
  A lemure (D:8)
  Blork the orc (D:4)
  6 kobold brigands
  19 bullfrogs
  16 small abominations
  4 gnoll sergeants
  A scorpion (D:5)
  An earth elemental (Elf:3)
  17 killer bees
  4 wights
  6 electric eels
  A howler monkey (D:8)
  5 centaur zombies
  33 starcursed masses (Abyss:3)
  A bullfrog zombie (D:3)
  A bullfrog skeleton (D:5)
  3 gnoll shamans
  4 hounds
  A jelly (D:3)
  13 orc priests
  An iguana (D:6)
  Natasha (D:4)
  23 orc wizards
  2 killer bee zombies
  A hound skeleton (D:4)
  8 mummies (Ossuary)
  8 gnolls
  A howler monkey skeleton (D:6)
  6 adders
  3 river rats
  3 shadow imps
  2 white imps (Abyss:3)
  4 ufetubi (Abyss:3)
  2 adder skeletons
  2 worms
  2 dart slugs
  71 orcs
  11 ball pythons
  11 endoplasms
  3 giant cockroaches
  8 goblins
  14 hobgoblins
  6 jackals
  6 quokkas
  6 bats
  4 frilled lizards
  4 hobgoblin zombies (Ossuary)
  A jackal zombie (D:4)
  10 kobolds
  2 kobold zombies (Ossuary)
  2 orc zombies (Ossuary)
  14 rats
  A bush (D:9)
  A lurking horror (Abyss:3)
  A starspawn tentacle (Abyss:3)
1895 creatures vanquished.

Vanquished Creatures (collateral kills)
  Mara (Swamp:3)
  A tentacled starspawn (Abyss:3)
  Frances (D:12)
  2 vault wardens
  A very ugly thing (Abyss:3)
  Azrael (D:12)
  A lorocyproca (WizLab)
  A green death (WizLab)
  A deep elf death mage (Elf:3)
  3 deep elf high priests (Elf:3)
  A hydra (Swamp:3)
  2 two-headed ogres (Vaults:5)
  3 dancing weapons (Elf:2)
  2 alligators (Swamp:3)
  A deep elf knight (Elf:2)
  A death drake (Abyss:3)
  A deep troll (Vaults:3)
  A spectral hydra (Swamp:2)
  3 deep elf zephyrmancers (Elf:2)
  2 deep elf pyromancers (Elf:2)
  2 smoke demons (Abyss:3)
  An unseen horror (D:12)
  2 ancient zymes (Abyss:3)
  2 meliai (Abyss:3)
  A hornet (Swamp:3)
  A slime creature (D:12)
  2 starcursed masses (Abyss:3)
  A fire elemental (D:12)
  2 vampire mosquitoes
  A chaos spawn (WizLab)
  A swamp worm (Swamp:3)
  2 hell hounds (D:12)
  2 starspawn tentacles (Abyss:3)
50 creatures vanquished.

Vanquished Creatures (others)
  An eleionoma (Swamp:3)
  A deep elf high priest (Vaults:5)
  A deep elf pyromancer (Elf:2)
  A guardian serpent (Snake:4)
  A yaktaur (Vaults:5)
  2 bloated husks
  A hornet (Swamp:4)
  A tyrant leech (Swamp:1)
  A blink frog (Abyss:3)
  A golden eye (Abyss:3)
  A vampire mosquito (Swamp:4)
  A swamp worm (Swamp:4)
  A starcursed mass (Abyss:3)
  17 foxfires
  44 fungi
  2 lurking horrors (Abyss:3)
  115 plants
  10 starspawn tentacles (Abyss:3)
202 creatures vanquished.

Grand Total: 2147 creatures vanquished

Notes
Turn   | Place    | Note
-------+----------+-------------------------------------------
     0 | D:1      | sasquatch the Formicid Fighter began the quest for the Orb.
     0 | D:1      | Reached XP level 1. HP: 18/18 MP: 1/1
    33 | D:1      | Reached XP level 2. HP: 19/24 MP: 2/2
   319 | D:1      | Found a faded altar of an unknown god.
   528 | D:1      | Reached XP level 3. HP: 29/29 MP: 3/3
  1290 | D:2      | Reached XP level 4. HP: 35/35 MP: 4/4
  1400 | D:2      | Found a radiant altar of Vehumet.
  1734 | D:2      | Reached skill level 5 in Shields
  1870 | D:3      | Reached XP level 5. HP: 33/41 MP: 5/5
  2635 | D:3      | Reached XP level 6. HP: 39/47 MP: 4/6
  2933 | D:3      | Found a shimmering blue altar of Sif Muna.
  3139 | D:4      | Found a glowing golden altar of the Shining One.
  3162 | D:4      | Became a worshipper of the Shining One
  3199 | D:4      | Noticed Blork the orc
  3199 | D:4      | Noticed Grinder
  3249 | D:4      | Found a sand-covered staircase.
  3260 | Ossuary  | Entered an ossuary
  3283 | Ossuary  | Reached * piety under the Shining One
  3664 | D:4      | Killed Blork the orc
  3665 | D:4      | Reached skill level 5 in Maces & Flails
  3665 | D:4      | Reached XP level 7. HP: 52/52 MP: 7/7
  3700 | D:4      | Killed Grinder
  3731 | D:4      | Found an iron altar of Okawaru.
  4008 | D:4      | Found a staircase to the Ecumenical Temple.
  4016 | D:4      | Reached XP level 8. HP: 54/58 MP: 8/8
  4124 | D:4      | Reached ** piety under the Shining One
  4138 | D:4      | Found Gunun's Book Emporium.
  4449 | D:4      | Noticed Natasha
  4454 | D:4      | Killed Natasha
  4477 | D:5      | Entered Level 5 of the Dungeon
  4791 | D:5      | Found a glowing drain.
  4800 | Sewer    | Entered a sewer
  4920 | Sewer    | Found a white marble altar of Elyvilon.
  5411 | D:6      | Noticed a yak
  5412 | D:6      | Noticed a yak
  5414 | D:6      | Noticed a yak
  5423 | D:6      | Killed a yak
  5424 | D:6      | Reached XP level 9. HP: 55/64 MP: 9/9
  5578 | D:6      | Found a blossoming altar of Fedhas.
  6058 | D:7      | Noticed Harold
  6075 | D:7      | Killed Harold
  6076 | D:7      | Reached skill level 10 in Maces & Flails
  6307 | D:7      | Reached XP level 10. HP: 67/70 MP: 10/10
  6344 | D:7      | Found a basalt altar of Yredelemnul.
  6438 | D:7      | Reached *** piety under the Shining One
  7271 | D:8      | Noticed Pikel
  7282 | D:8      | Killed Pikel
  7462 | D:8      | Found a transporter.
  7463 | D:8      | Found a transporter.
  7463 | D:8      | Noticed a centaur warrior
  7477 | D:8      | Found a broken altar of Ashenzari.
  7477 | D:8      | Found an ancient bone altar of Kikubaaqudgha.
  7780 | D:9      | Noticed a two-headed ogre
  7810 | D:9      | Noticed an efreet
  8050 | D:8      | Killed an efreet
  8066 | D:9      | Killed a two-headed ogre
  8067 | D:9      | Reached XP level 11. HP: 43/75 MP: 5/11
  8274 | D:9      | Noticed a manticore
  8279 | D:9      | Killed a manticore
  9250 | D:9      | Reached skill level 5 in Fighting
  9250 | D:9      | Reached skill level 5 in Armour
  9690 | D:9      | Reached **** piety under the Shining One
  9926 | D:9      | Noticed a two-headed ogre
  9987 | D:9      | Killed a two-headed ogre
 10227 | D:9      | Noticed a two-headed ogre
 10235 | D:9      | Killed a two-headed ogre
 10370 | D:9      | Found a bloodstained altar of Trog.
 10699 | D:9      | Reached XP level 12. HP: 91/91 MP: 12/12
 11247 | D:10     | Entered Level 10 of the Dungeon
 11294 | D:10     | Found a staircase to the Orcish Mines.
 11450 | D:10     | Found a staircase to the Lair.
 11453 | D:10     | Noticed a two-headed ogre
 11460 | D:10     | Killed a two-headed ogre
 11493 | D:10     | You fall into a shaft and drop 3 floors!
 11514 | D:13     | Noticed a skeletal warrior
 11528 | D:13     | Noticed a four-headed hydra
 11533 | D:13     | Noticed Frances
 11538 | D:13     | Noticed a sixfirhy
 11538 | D:13     | Noticed a sixfirhy
 11540 | D:12     | Noticed a two-headed ogre
 11550 | D:12     | Killed a four-headed hydra
 11555 | D:12     | Killed a two-headed ogre
 11792 | D:12     | Noticed a two-headed ogre
 11801 | D:12     | Killed a two-headed ogre
 12005 | D:12     | Noticed Rupert
 12091 | D:12     | Reached skill level 10 in Fighting
 12091 | D:12     | Reached skill level 10 in Armour
 12588 | D:10     | Noticed a two-headed ogre
 12620 | D:10     | Killed a two-headed ogre
 12621 | D:10     | Reached XP level 13. HP: 86/103 MP: 10/13
 12759 | D:10     | Found a white marble altar of Elyvilon.
 13043 | D:11     | Noticed an ogre mage
 13052 | D:11     | Reached skill level 15 in Maces & Flails
 14008 | D:11     | Reached ***** piety under the Shining One
 14110 | D:11     | Reached skill level 1 in Invocations
 14148 | D:11     | Killed an ogre mage
 14302 | D:11     | Reached skill level 5 in Invocations
 15255 | D:11     | Noticed a boulder beetle
 15341 | D:11     | Killed a boulder beetle
 15840 | Lair:1   | Entered Level 1 of the Lair of Beasts
 15840 | Lair:1   | Noticed a four-headed hydra
 15854 | Lair:1   | Killed a four-headed hydra
 15933 | Lair:1   | Noticed a six-headed hydra
 15951 | Lair:1   | Killed a six-headed hydra
 16229 | Lair:1   | Noticed an eight-headed hydra
 16515 | Lair:1   | Reached XP level 14. HP: 99/110 MP: 20/20
 16795 | Lair:1   | Reached skill level 10 in Invocations
 17731 | Lair:2   | Reached skill level 10 in Shields
 18036 | Lair:2   | Found a staircase to the Swamp.
 18846 | Lair:3   | Identified the +1 ring mail of Wammiel {rPois rC+ Slay+3}
 19276 | Lair:3   | Found a staircase to the Snake Pit.
 21632 | D:8      | Identified the +0 scale mail of the Swan {*Corrode rF++
                  | Regen+ Stlth+}
 22061 | Lair:5   | Reached XP level 15. HP: 104/115 MP: 19/22
 22960 | Lair:6   | Entered Level 6 of the Lair of Beasts
 23003 | Lair:5   | Identified a scroll of acquirement
 23003 | Lair:5   | Acquired the +8 morningstar of Tumult {vorpal, Int+2
                  | Stlth+}
 23680 | Lair:6   | Identified the ring of Niod {Fly rCorr MP+9}
 23799 | Lair:6   | Identified the +3 war axe "Qacwul" {vorpal, *Slow Int+8}
 25488 | Lair:6   | Found a runed translucent door.
 25488 | Lair:6   | Found a viscous altar of Jiyva.
 25773 | Lair:6   | Found a staircase to the Slime Pits.
 25773 | Lair:6   | Noticed an acid blob
 25773 | Lair:6   | Noticed an acid blob
 26089 | Lair:6   | Killed an acid blob
 26090 | Lair:6   | Reached XP level 16. HP: 79/122 MP: 20/24
 26093 | Lair:6   | Killed an acid blob
 26484 | Orc:1    | Entered Level 1 of the Orcish Mines
 26551 | Orc:2    | Entered Level 2 of the Orcish Mines
 26729 | Orc:2    | Found Ohoggusu's Antique Weapon Shoppe.
 26743 | Orc:2    | Reached ****** piety under the Shining One
 26743 | Orc:2    | Noticed Urug
 26761 | Orc:2    | Reached skill level 15 in Shields
 27118 | Orc:1    | Noticed Erica
 27172 | Orc:1    | Killed Erica
 27978 | Orc:2    | Killed Urug
 28107 | Orc:2    | Found a staircase to the Elven Halls.
 28324 | Orc:2    | Found Dysof's General Store.
 28364 | Orc:2    | Found Yhusum's Jewellery Shop.
 28513 | Orc:2    | Found Hotausaf's Antique Armour Shoppe.
 28526 | Orc:2    | Bought a glowing scarf for 248 gold pieces
 28526 | Orc:2    | Bought a pair of embroidered gloves for 232 gold pieces
 28867 | D:12     | Killed Frances
 29128 | D:12     | Found a sparkling altar of Nemelex Xobeh.
 29163 | D:12     | Killed Rupert
 29211 | D:12     | Noticed Azrael
 29219 | D:12     | Killed Azrael
 30026 | D:13     | Reached skill level 15 in Invocations
 30282 | D:13     | Found a gate to the Vaults.
 30549 | D:14     | Reached XP level 17. HP: 129/129 MP: 28/28
 32600 | D:15     | Entered Level 15 of the Dungeon
 32918 | D:15     | Found a staircase to the Depths.
 34111 | Snake:1  | Entered Level 1 of the Snake Pit
 34120 | Snake:1  | Acquired the +2 eveningstar of the Beast {vorpal, rElec
                  | Str+3 SInv}
 34673 | Snake:1  | Noticed Aizul
 34693 | Snake:1  | Killed Aizul
 35026 | Snake:1  | Found Ublam's Firing Range.
 35530 | Snake:2  | Reached XP level 18. HP: 115/147 MP: 28/29
 35664 | Snake:2  | Found Qostaxku's Armour Boutique.
 36019 | Snake:2  | Reached skill level 15 in Fighting
 38916 | Snake:3  | Found a snail-covered altar of Cheibriados.
 39219 | Snake:3  | Reached skill level 15 in Armour
 39477 | Snake:4  | Entered Level 4 of the Snake Pit
 40315 | Snake:4  | Reached XP level 19. HP: 164/164 MP: 30/30
 41859 | Snake:4  | Got a serpentine rune of Zot
 42416 | Swamp:1  | Entered Level 1 of the Swamp
 42741 | Swamp:1  | Identified the +0 robe of the True Pharaoh {rF++ Archmagi}
 43185 | Swamp:2  | Identified the +0 pair of gloves "Oneemis" {Str-2 Dex+3
                  | Stlth+}
 43185 | Swamp:2  | Noticed Nikola
 43208 | Swamp:2  | Killed Nikola
 43290 | Swamp:2  | Found a transporter.
 43324 | Swamp:2  | Identified the +1 scale mail "Girhytz" {Str+2}
 43429 | Swamp:2  | Found a transporter.
 43429 | Swamp:2  | Noticed Ychix's ghost (journeyman GnSk)
 43487 | Swamp:2  | Reached XP level 20. HP: 176/176 MP: 31/31
 43858 | Swamp:2  | Killed Ychix's ghost
 43901 | Swamp:2  | Got Vehumet's Compendium of Battle Magic
 44098 | Swamp:3  | Noticed Mara
 44410 | Swamp:3  | Killed Mara
 44619 | Swamp:3  | Noticed Donald
 44643 | Swamp:3  | Killed Donald
 44659 | Swamp:3  | Identified the +0 war axe "Lanant" {vorpal, Drain +Blink
                  | Int+7}
 44932 | Swamp:3  | Noticed Bai Suzhen
 44949 | Swamp:3  | Killed Bai Suzhen
 45114 | Swamp:4  | Entered Level 4 of the Swamp
 45288 | Swamp:4  | Cast into level 3 of the Abyss (spriggan rider)
 45333 | Swamp:4  | Escaped the Abyss
 45613 | Swamp:4  | Found a broken altar of Ashenzari.
 46068 | Swamp:4  | Got a decaying rune of Zot
 46568 | Vaults:1 | Entered Level 1 of the Vaults
 46699 | Vaults:1 | Reached XP level 21. HP: 183/183 MP: 32/32
 46876 | Vaults:1 | Reached skill level 1 in Dodging
 47155 | Vaults:1 | Cast into level 2 of the Abyss (a wizard)
 47386 | Abyss:3  | Reached skill level 5 in Dodging
 47729 | Abyss:3  | Noticed a bone dragon
 47753 | Abyss:3  | Killed a bone dragon
 48031 | Abyss:3  | Noticed a profane servitor
 48058 | Abyss:3  | Killed a profane servitor
 48135 | Abyss:3  | Noticed a bone dragon
 48150 | Abyss:3  | Killed a bone dragon
 48232 | Abyss:3  | Gained mutation: You are frail. (-10% HP) [a neqoxec]
 48252 | Abyss:3  | Reached XP level 22. HP: 150/171 MP: 27/33
 48254 | Abyss:3  | Reached skill level 10 in Dodging
 48306 | Vaults:1 | Escaped the Abyss
 49798 | Vaults:2 | Found a transporter.
 49808 | Vaults:2 | Found a transporter.
 49864 | Vaults:2 | Found a staircase to the Crypt.
 50369 | Vaults:2 | Reached XP level 23. HP: 176/176 MP: 34/34
 51082 | Vaults:3 | Reached skill level 15 in Dodging
 51087 | Vaults:3 | Reached skill level 1 in Axes
 51100 | Vaults:3 | Reached skill level 2 in Axes
 51266 | Vaults:3 | Reached skill level 3 in Axes
 51355 | Vaults:3 | Reached skill level 4 in Axes
 51398 | Vaults:3 | Noticed Jory
 51426 | Vaults:3 | Killed Jory
 51427 | Vaults:3 | Reached skill level 5 in Axes
 51506 | Vaults:3 | Noticed Frederick
 51521 | Vaults:3 | Killed Frederick
 51522 | Vaults:3 | Reached skill level 6 in Axes
 51546 | Vaults:3 | Noticed Boris
 51561 | Vaults:3 | Killed Boris
 51722 | Vaults:3 | Reached skill level 7 in Axes
 51902 | Vaults:3 | Reached skill level 8 in Axes
 52357 | Vaults:3 | Reached skill level 9 in Axes
 52409 | Vaults:3 | You are sucked into a shaft and drop 1 floor!
 52429 | Vaults:4 | Found Anups's Magic Scroll Shop.
 52451 | Vaults:4 | Bought a scroll of fear for 63 gold pieces
 52509 | Vaults:4 | Found a magical portal.
 52518 | WizLab   | Entered The Hall of the Hellbinder
 52583 | WizLab   | Gained mutation: You are clumsy. (Dex -2) [a neqoxec]
 52584 | WizLab   | Gained mutation: You are very clumsy. (Dex -4) [a neqoxec]
 52616 | WizLab   | Reached skill level 10 in Axes
 52775 | WizLab   | Noticed Cowudiqi
 52784 | WizLab   | Killed Cowudiqi the Hellbinder
 52785 | WizLab   | Reached XP level 24. HP: 70/183 MP: 34/34
 52867 | WizLab   | Found a burning altar of Makhleb.
 52874 | WizLab   | Identified the ring "Vukuer" {rN+ Stlth+}
 52878 | WizLab   | Identified the ring "Zumemp" {rElec rF+ Int+2 Dex+2}
 52883 | WizLab   | Got the Guide on the Escort
 52906 | WizLab   | Identified the ring of Onolisixt {MP+9 Int+2}
 53195 | Vaults:4 | Reached skill level 11 in Axes
 53535 | Vaults:4 | Reached skill level 12 in Axes
 54558 | Elf:1    | Entered Level 1 of the Elven Halls
 54647 | Elf:1    | Found the +2 ratskin cloak {*Rats rPois rN+ Str-1 Int-1
                  | Dex+1}
 54665 | Elf:1    | Identified the +2 plate armour of Mampueno {Int+3 Dex+4}
 54842 | Elf:1    | Got Vehumet's Guide on Attacks
 55080 | Elf:1    | Reached skill level 13 in Axes
 55080 | Elf:1    | Found Zeedim's Magic Scroll Shoppe.
 55272 | Elf:1    | Bought a scroll of magic mapping for 52 gold pieces
 55272 | Elf:1    | Bought a scroll of fear for 52 gold pieces
 55272 | Elf:1    | Bought a scroll of magic mapping for 52 gold pieces
 55272 | Elf:1    | Bought a scroll of fog for 30 gold pieces
 55272 | Elf:1    | Bought a scroll of fog for 30 gold pieces
 55565 | Elf:2    | Identified Roxanne's Collected Works on Stones
 55565 | Elf:2    | Noticed Roxanne
 55583 | Elf:2    | Killed Roxanne
 55745 | Elf:2    | Found a runed translucent gate.
 55746 | Elf:2    | Found a runed translucent gate.
 55746 | Elf:2    | Found a runed translucent gate.
 55892 | Elf:2    | Reached skill level 14 in Axes
 55908 | Elf:2    | Found a runed translucent door.
 55962 | Elf:2    | Identified the +4 plate armour "Rahab" {+Inv}
 56841 | Elf:3    | Entered Level 3 of the Elven Halls
 56915 | Elf:3    | Reached skill level 15 in Axes
 56963 | Elf:3    | Found Hyuf's Book Emporium.
 57080 | Elf:3    | Found Wusut's General Store.
 57083 | Elf:3    | Bought a scroll of silence for 150 gold pieces
 57104 | Elf:3    | Found Mocrain's General Store.
 57113 | Elf:3    | Bought a potion of resistance for 120 gold pieces
 57166 | Elf:3    | Found Jifymeap's Antique Weapon Boutique.
 57186 | Elf:3    | Found Ahuen's Book Shop.
 57317 | Elf:3    | Reached XP level 25. HP: 189/189 MP: 34/34
 57356 | Elf:3    | Reached skill level 16 in Axes
 57429 | Elf:3    | Cast into level 3 of the Abyss (a deep elf sorcerer)
 57463 | Abyss:3  | Identified a +9 executioner's axe of holy wrath (a +9
                  | vorpal executioner's axe blessed by the Shining One)
 57463 | Abyss:3  | Received a gift from the Shining One
 57804 | Abyss:3  | The Shining One protects you from harm!
 57808 | Abyss:3  | Gained mutation: You sometimes lose the ability to read
                  | scrolls when taking damage. [a cacodemon]
 57813 | Abyss:3  | Found a transporter.
 57818 | Abyss:3  | Found a corrupted altar of Lugonu.
 57861 | Abyss:3  | Got an abyssal rune of Zot
 58069 | Abyss:3  | Reached skill level 17 in Axes
 58091 | Abyss:3  | Noticed an ancient lich
 58096 | Abyss:3  | Killed an ancient lich
 58101 | Elf:3    | Escaped the Abyss
 58140 | Elf:3    | Identified the amulet "Baadoun" {Spirit Dex+2}
 58149 | Elf:3    | Got the Papyrus of Venom and the Entourage
 58201 | Elf:3    | Found the ring of the Octopus King
 58202 | Elf:3    | Found the +2 Maxwell's thermic engine {flame, freeze}
 58202 | Elf:3    | Identified a ring of the Octopus King {MP+9 AC+1 EV+1 Str+1
                  | Int+1 Dex+1}
 58209 | Elf:3    | Identified the +10 falchion of Mytraum {vorpal, Int+3}
 58220 | Elf:3    | Identified the ring of Ulet {rF+ rC+ Dex+3}
 58223 | Elf:3    | Identified the +4 chain mail of Ferocious Satisfaction
                  | {Rampage}
 58229 | Elf:3    | Got Ifen's Disquisition on Arcane Weapons
 58245 | Elf:3    | Identified the ring "Xedykyr" {rElec rC- Int+6 Dex+6}
 59065 | Vaults:5 | Entered Level 5 of the Vaults
 59171 | Vaults:4 | Reached skill level 18 in Axes
 59466 | Vaults:4 | Lost mutation: You are very clumsy. (Dex -4) [potion of
                  | mutation]
 59466 | Vaults:4 | Lost mutation: You are frail. (-10% HP) [potion of
                  | mutation]
 59466 | Vaults:4 | Lost mutation: You sometimes lose the ability to read
                  | scrolls when taking damage. [potion of mutation]
 59466 | Vaults:4 | Gained mutation: You are frail. (-10% HP) [potion of
                  | mutation]
 59466 | Vaults:4 | Gained mutation: You evolve. [potion of mutation]
 59522 | Vaults:5 | Reached XP level 26. HP: 149/196 MP: 34/34
 59590 | Vaults:5 | Reached skill level 19 in Axes
 59686 | Vaults:5 | Noticed an ancient lich
 59694 | Vaults:5 | Killed an ancient lich
 59695 | Vaults:5 | Reached skill level 20 in Axes
 59696 | Vaults:5 | Noticed an ancient lich
 59701 | Vaults:5 | Killed an ancient lich
 59805 | Vaults:5 | Found Vuaw's General Store.
 59901 | Vaults:5 | Reached skill level 21 in Axes
 59913 | Vaults:5 | HP: 9/196 [ironbound thunderhulk/bolt of lightning[a vault
                  | warden] (2)]
 59930 | Vaults:5 | HP: 7/196 [titan/the air (16)]
 59934 | Vaults:5 | Killed from afar by a titan

Illustrated notes

Levels and vault maps discovered:
D:1:      heliophobic_arrival_henge, layout_loops_ring,
          ebering_ecumenical_altar_abandoned
D:2:      cheibrodos_greedy_goblins, layout_loops_corners, basic_altar
D:3:      layout_basic, mainiacjoe_overflow_brackets, minmay_tree_intersection,
          mrwooster_statue_mirror
D:4:      layout_loops_cross, lemuel_doored_altar, old_standard_altar,
          minmay_temple_entry_tees, enter_ossuary_3, serial_shops,
          kennysheep_mini, cheibrodos_gnoll_hut, uniq_blork_the_orc,
          uniq_natasha, uniq_grinder
D:5:      layout_basic, portal_sewer_entry_e
D:6:      layout_basic, lemuel_tele_altar
D:7:      layout_basic, mainiacjoe_overflow_chevrons, uniq_harold
D:8:      layout_basic, gammafunk_temple_overflow_arena, uniq_pikel
D:9:      kennysheep_town
D:10:     layout_cave_pools, dpeg_oklobed_lair,
          kennysheep_orc_monster_closet_entryway, serial_park,
          serial_park_gazebo [serial_park_minivault_5x5_7], serial_park_square3
          [serial_park_minivault_5x5_7], serial_park_square1
          [serial_park_minivault_5x5_4]
D:11:     lemuel_ogre_cave, layout_irregular_city, serial_bayou,
          serial_bayou_pond_d, serial_bayou_shore_b, serial_bayou_pond_e,
          serial_bayou_lake_a
D:12:     layout_rooms, nemelex_spade_bored_becter, uniq_rupert, uniq_azrael
D:13:     layout_basic, ximxim_vaults_locker_room, chequers_serial_rivers_marsh,
          uniq_frances
D:14:     minmay_containers, layout_layer_cave, minmay_misc_feat_more_columns
D:15:     hangedman_depths_entry_civil_slaughter, layout_basic
Lair:1:   kb_forest_paths, layout_hall_layers, chequers_serial_rivers_large_a
Lair:2:   layout_roguey, minmay_swamp_entry_wisps, serial_bayou_shore_b
Lair:3:   layout_hall_layers, minmay_snake_entry_guardpost_small
Lair:4:   layout_regular_city, hangedman_lair_generics_rect,
          lemuel_fruit_fields, lemuel_fruit_tree
Lair:5:   layout_regular_city, infiniplex_staircase_pool
Lair:6:   grunt_lair_end_beastmaster, layout_layer_cave, slime_altar_2,
          minivault_26, st_stairs_4, grunt_megastairs_5
Swamp:1:  layout_basic_swamp, nicolae_swamp_small_spring,
          infiniplex_staircase_pool_2
Swamp:2:  layout_basic_swamp, gammafunk_ghost_mausoleum,
          nicolae_swamp_round_clearing, swamp_pool2, uniq_nikola
Swamp:3:  layout_basic_swamp, evilmike_swamp_ruin_house_4, uniq_bai_suzhen,
          uniq_mara, uniq_donald
Swamp:4:  swamp_vile, layout_basic_swamp, swamp_pool5, lemuel_altar_in_water
Snake:1:  layout_rooms, special_room, nicolae_shop_firing_range, uniq_aizul
Snake:2:  layout_gridlike, serial_shops, nicolae_shop_stone,
          nicolae_snake_serpentine_hallways, grunt_megastairs_4
Snake:3:  layout_chambers, basic_altar, grunt_ministairs_9
Snake:4:  grunt_snake_rune_serpentine_throne, layout_grid_maze,
          nicolae_snake_omega
Orc:1:    layout_diamond_mine, uniq_erica
Orc:2:    grunt_orc_gardens, layout_caves, grunt_orc_garden, grunt_orc_garden,
          grunt_orc_garden, grunt_orc_garden, minmay_orc_temple_b, uniq_urug
Elf:1:    nicolae_elf_arrival_fired_up, layout_geoelf_diagonals, serial_shops,
          nicolae_shop_trees, minmay_elf_annihilation, grunt_ministairs_4,
          minivault_26
Elf:2:    nicolae_elf_blades_crystal_corner, layout_loops_corners, minivault_13,
          uniq_roxanne
Elf:3:    minmay_elf_hall_x, layout_onion_city, serial_shops,
          nicolae_shop_crystal, shop, shop, nicolae_shop_trees, shop_statue,
          kilobyte_mutagenic_chamber
Vaults:1: nicolae_vaults_ring_of_whatevers, nicolae_vaults_network_s,
          v_pattern_3, nicolae_vaults_display_case, ontoclasm_vaults_shuriken,
          ontoclasm_vaults_gateway, vaults_dpeg_hooks,
          nicolae_vaults_ring_of_whatevers, layout_vaults_big_room
Vaults:2: hangedman_vaults_slice, dpeg_vaults_monster_box,
          nicolae_vaults_little_squares_1, gammafunk_sealed_arena,
          minmay_crypt_entry_simple_statues, hangedman_vaults_nails,
          nicolae_vaults_ring_of_whatevers, vaults_room_pools,
          hangedman_vaults_trim, v_alt_pattern_5, hangedman_vaults_restitches,
          ontoclasm_vaults_fault, vaults_room_semicircle, layout_vaults_omnigrid
Vaults:3: nicolae_vaults_little_squares_2, nicolae_vaults_alarming,
          vaults_mumra_hexcomb, grunt_vaults_bifocal,
          nicolae_vaults_twisting_passages, hangedman_vaults_nails,
          nicolae_vaults_little_squares_3, nicolae_vaults_theta,
          layout_vaults_omnicross, uniq_jory, uniq_frederick, uniq_boris
Vaults:4: vaults_dpeg_doors, v_misc_5, ontoclasm_vaults_ligature,
          hangedman_vaults_variations, v_misc_8, nicolae_vaults_hallways_thing,
          hangedman_vaults_corner_blocks, grunt_vaults_diagonal,
          nicolae_vaults_mini_display_case, nicolae_vaults_network_barrier,
          v_misc_29, v_misc_23, nicolae_vaults_network_square,
          layout_vaults_maze_bifur, serial_shops, nicolae_shop_waterfront,
          mu_enter_wizlab_3
Vaults:5

Skill      XL: |  1  2  3  4  5  6  7  8  9 10 11 12 13 14 15 16 17 18 19 20 21 22 23 24 25 26 |
---------------+-------------------------------------------------------------------------------+-----
Shields        | 4 5 6 7 9 12 14 15 | 15.0
Maces & Flails | 3 4 5 6 8 11 13 14 16 17 18 | 18.0
Fighting       | 7 10 14 18 20 | 20.0
Armour         | 7 10 13 15 16 19 20 | 20.0
Invocations    | 9 10 11 15 | 15.0
Dodging        | 9 14 15 | 15.0
Axes           | 10 15 18 21 | 21.2

Action                   |  1- 3 |  4- 6 |  7- 9 | 10-12 | 13-15 | 16-18 | 19-21 | 22-24 | 25-27 || total
-------------------------+-------+-------+-------+-------+-------+-------+-------+-------+-------++-------
Melee: Flail             |    78 |   195 |   195 |   533 |   752 |       |       |       |       ||  1753
       Mace              |       |     5 |       |       |       |       |       |       |       ||     5
       Morningstar       |       |       |       |       |   293 |  1358 |  1436 |  1261 |       ||  4348
       Eveningstar       |       |       |       |       |       |    29 |    78 |       |       ||   107
       Great mace        |       |       |       |       |       |       |       |   249 |       ||   249
       Executioner's axe |       |       |       |       |       |       |       |    49 |   466 ||   515
Throw: Dart              |       |       |     1 |     6 |     3 |       |       |       |       ||    10
Invok: Divine Shield     |       |       |       |       |    11 |    16 |    12 |     7 |    12 ||    58
       Summon Divine War |       |       |       |       |       |     2 |     3 |     4 |     5 ||    14
       Cleansing Flame   |       |       |       |       |       |       |     5 |    13 |    10 ||    28
       Brand Weapon With |       |       |       |       |       |       |       |       |     1 ||     1
 Abil: Dig               |     1 |       |     8 |     8 |    45 |    52 |     8 |       |       ||   122
Evoke: Wand              |       |       |       |       |       |       |       |       |     5 ||     5
  Use: Scroll            |       |     9 |       |     7 |     7 |     7 |     3 |    12 |     1 ||    46
       Potion            |       |     1 |       |     1 |       |     5 |       |     5 |    18 ||    30
Armor: Scale mail        |    22 |    70 |    48 |       |       |       |       |       |       ||   140
       Chain mail        |       |       |     1 |   222 |   295 |     5 |       |       |       ||   523
       Plate armour      |       |       |       |       |       |   331 |    45 |       |       ||   376
       Crystal plate arm |       |       |       |       |       |       |   688 |   767 |   305 ||  1760
Dodge: Dodged            |    27 |    58 |    60 |   129 |   191 |   159 |   262 |   339 |   156 ||  1381
Block: Kite shield       |    41 |   111 |    78 |   246 |   504 |   245 |       |       |       ||  1225
       Tower shield      |       |       |       |       |       |   904 |  1414 |  1601 |   759 ||  4678
